 Dungeon Crawl Stone Soup version 0.29.1-15-g9cfb28693d (webtiles) character file.

Game seed: 2804488428117564167

44 dudediamond6 the Trooper (level 3, -3/33 HPs)
             Began as a Hill Orc Fighter on Mar 3, 2023.
             Slain by a goblin
             ... wielding a +2 dagger of electrocution
             ... led by Robin
              (17 damage)
             ... on level 2 of the Dungeon.
             The game lasted 00:01:44 (1511 turns).

dudediamond6 the Trooper (Hill Orc Fighter)         Turns: 1511, Time: 00:01:46

Health: -3/33      AC:  8    Str: 20    XL:     3   Next: 60%
Magic:  3/3        EV:  9    Int:  8    God:
Gold:   107        SH:  4    Dex: 10    Spells: 2/2 levels left

rFire   . . .      SeeInvis .   a - +0 war axe
rCold   . . .      Faith    .   c - +0 buckler
rNeg    . . .      Spirit   .   b - +0 scale mail
rPois   +          Reflect  .   o - +2 hat
rElec   .          Harm     .   (no cloak)
rCorr   .          Rampage  .   (no gloves)
Will    .....                   (no boots)
Stlth   ..........              (no amulet)
HPRegen 0.11/turn               j - ring of poison resistance
MPRegen 0.08/turn               (no ring)

@: no status effects
A: no striking features
a: no special abilities


You were on level 2 of the Dungeon.
You visited 1 branch of the dungeon, and saw 2 of its levels.

You collected 107 gold pieces.

Inventory:

Hand Weapons
 a - a +0 war axe (weapon)
Armour
 b - a +0 scale mail (worn)
 c - a +0 buckler (worn)
 o - a +2 hat (worn)
Jewellery
 j - a ring of poison resistance (left hand)
Scrolls
 f - a scroll of blinking
 g - a scroll of enchant weapon {unknown}
 h - 5 scrolls of identify {unknown}
 i - 4 scrolls of teleportation {unknown}
 l - 2 scrolls of immolation {unknown}
 m - a scroll of butterflies {unknown}
Potions
 d - 2 potions of might
 e - a potion of cancellation {unknown}
 k - a potion of mutation {unknown}
 n - a potion of degeneration {unknown}


   Skills:
 + Level 4.2 Fighting
 + Level 3.6 Axes
 + Level 3.5 Armour
 + Level 0.2 Dodging
 + Level 3.7 Shields


You had 2 spell levels left.
You didn't know any spells.
Your spell library was empty.

Dungeon Overview and Level Annotations

Branches:
Dungeon (2/15)

Altars:

Annotations:
D:2 Robin


Message History

The rat is heavily wounded.
The rat bites you but does no damage.
You hit the rat.
You kill the rat!
The goblin hits you with a +0 dagger.
You barely miss the goblin. The goblin hits you but does no damage.
You slash the goblin!
You kill the goblin!
You barely miss the hobgoblin. The hobgoblin closely misses you.
The hobgoblin hits you.
You slash the hobgoblin!
You kill the hobgoblin!
You closely miss the goblin. The goblin closely misses you.
You slash the goblin!
You kill the goblin!
You start resting.
HP restored.
Items here: )) †††††.
There is a large open door here.
The goblin shouts!
You hear a shout! x2
A goblin comes into view. It is wielding a +0 dagger.
A hobgoblin comes into view.
Robin shouts!
The goblin shouts!
You hear an angry hiss.
A goblin comes into view. It is wielding a +0 club. x2
A goblin comes into view.
It is wielding a +2 dagger of electrocution.
The goblin shouts! x2; You hear a shout!
Robin throws the goblin at you!
You barely miss the goblin.
The goblin hits you with a +2 dagger of electrocution.
You are electrocuted!
A goblin comes into view. It is wielding a +0 club.
Robin throws the goblin at you!
You slash the goblin!
You kill the goblin!
You barely miss the goblin. You slash the goblin!
You kill the goblin!
The goblin hits you with a +2 dagger of electrocution.
You are electrocuted!
Ouch! That really hurt!
You die...

##### ....# ###.#
###.################
...#......#≈≈≈≈≈≈≈≈#
.<#.#######≈##..##≈#
..#.###...#≈##[.##≈########
........#.'....)..g'g.....#
....#####.'.....@).ggg..$..
..### #)#≈##.g##≈#.......
..# #.#≈##..##≈#....... ..#
#.#≈≈≈≈≈≈≈≈#g.r...# ....
#.##########.###..# ..##
#.# g# .# #.# #.# gg # .#
#.# g# . ..#


You could see Robin, a hobgoblin and 4 goblins.

Vanquished Creatures
  2 dart slugs (D:1)
  3 bats (D:1)
  An endoplasm (D:1)
  3 giant cockroaches
  7 goblins
  5 hobgoblins
  2 jackals (D:1)
  A kobold (D:1)
  2 quokkas (D:2)
  5 ball pythons
  2 frilled lizards
  3 rats
  A spectral goblin (D:1)
37 creatures vanquished.

Notes
Turn   | Place    | Note
-------+----------+-------------------------------------------
     0 | D:1      | dudediamond6 the Hill Orc Fighter began the quest for the
                  | Orb.
     0 | D:1      | Reached XP level 1. HP: 19/19 MP: 1/1
   195 | D:1      | Reached XP level 2. HP: 27/27 MP: 2/2
   392 | D:1      | Reached skill level 4 in Fighting
   394 | D:1      | Found a faded altar of an unknown god.
   855 | D:1      | Reached XP level 3. HP: 32/33 MP: 3/3
  1439 | D:2      | Noticed Robin
  1511 | D:2      | Slain by a goblin

Illustrated notes

Levels and vault maps discovered:
D:1:      reono_arrival_forest_river, layout_basic,
          dreamdust_ecumenical_altar_drowned_temple
D:2:      layout_loops_ring, kennysheep_generic_room_5, uniq_robin

Skill      XL: |  1  2 |
---------------+-------+-----
Fighting       | 4 |  4.2
Axes           | 3 |  3.6
Armour         | |  3.5
Dodging        | |  0.2
Shields        | |  3.7

Action                   || total
-------------------------++-------
Melee: War axe           ||   116
  Use: Scroll            ||     1
Armor: Scale mail        ||    65
Dodge: Dodged            ||    53
Block: Buckler           ||    23
